 Dungeon Crawl Stone Soup version 0.28.0-53-g5a82cb258f (webtiles) character file.

Game seed: 16905241518296111552

79 Zeld the Magician (level 4, 0/36 HPs)
             Began as a Deep Elf Fire Elementalist on May 22, 2022.
             Succumbed to a gnoll's poison
             ... on level 2 of the Dungeon.
             The game lasted 00:02:32 (2561 turns).

Zeld the Magician (Deep Elf Fire Elementalist)      Turns: 2561, Time: 00:02:33

Health: 0/36       AC: 22    Str:  5    XL:     4   Next: 17%
Magic:  9/12       EV:  2    Int: 22    God:
Gold:   68         SH:  0    Dex: 15    Spells: 2/11 levels left

rFire   . . .      SeeInvis .   (no weapon)
rCold   . . .      Faith    .   (no shield)
rNeg    . . .      Spirit   .   (armour currently unavailable)
rPois   +          Reflect  .   (helmet currently unavailable)
rElec   .          Harm     .   (cloak currently unavailable)
rCorr   .          Rampage  .   (gloves currently unavailable)
Will    .....      NoTele   +   (boots currently unavailable)
Stlth   ++........              (no amulet)
HPRegen 0.12/turn               (no ring)
MPRegen 0.13/turn               (no ring)

@: lethally poisoned (0 -> -1), tree-form
A: stationary, stasis, torment immunity, boosted hp
a: no special abilities


You were on level 2 of the Dungeon.
You were a tree.
You visited 1 branch of the dungeon, and saw 2 of its levels.

You collected 68 gold pieces.

Inventory:

Armour
 a - a +0 robe (melded)
 g - a +0 pair of boots (melded)
 q - a +0 cloak (melded)
Scrolls
 c - a scroll of immolation {unknown}
 d - 2 scrolls of identify {unknown}
 e - a scroll of teleportation {unknown}
 f - a scroll of amnesia {unknown}
Potions
 b - a potion of lignification


   Skills:
 - Level 2.4 Dodging
 - Level 2.4 Stealth
 * Level 4.4 Spellcasting
 + Level 2.2 Conjurations
 + Level 1.1 Hexes
 * Level 4.2 Fire Magic


You had 2 spell levels left.
You knew the following spells:

 Your Spells              Type           Power      Damage    Failure   Level
a - Foxfire               Conj/Fire      72%        2x1d7     3%          1
b - Scorch                Fire           46%        2d7       3%          2
c - Inner Flame           Hex/Fire       16%        N/A       11%         3
e - Mephitic Cloud        Conj/Pois/Air  8%         N/A       24%         3

Your spell library contained the following spells:

 Spells                   Type           Power      Damage    Failure   Level
 Magic Dart               Conj           56%        1d5       4%          1
 Call Imp                 Summ           4%         N/A       16%         2
 Sublimation of Blood     Necr           4%         N/A       16%         2
 Wereblood                Tmut           4%         N/A       16%         2
 Conjure Flame            Conj/Fire      18%        6-21      9%          3
 Flame Wave               Conj/Fire      18%        2d6       28%         4
 Summon Hydra             Summ           2%         N/A       100%        7


Dungeon Overview and Level Annotations

Branches:
Dungeon (2/15)

Altars:


Message History

HP restored.
You climb downwards.
There is a stone staircase leading up, spattered with blood here.
Casting: Scorch (safe; 3% risk of failure)
Confirm with . or Enter, or press ? or * to list all spells.
Flames lash the gnoll.
The gnoll is severely wounded.
The gnoll's fire resistance burns away.
The gnoll hits you from afar with a +0 halberd of venom!
You are lethally poisoned!
Casting: Scorch (safe; 3% risk of failure)
Confirm with . or Enter, or press ? or * to list all spells.
Flames lash the gnoll.
The gnoll is burned terribly!
You kill the gnoll!
You feel very sick.
Unknown command.
Unknown command.
It was a potion of lignification.
You turn into a tree.
Your +0 cloak melds into your body.
Your +0 pair of boots melds into your body.
Your +0 robe melds into your body.
Your roots penetrate the ground.
You feel very sick.
There is a lethal amount of poison in your body!
There is a lethal amount of poison in your body!
There is a lethal amount of poison in your body!
* * * LOW HITPOINT WARNING * * *
You feel very sick.
* * * LOW HITPOINT WARNING * * *
You feel sick.
* * * LOW HITPOINT WARNING * * *
You feel sick.
* * * LOW HITPOINT WARNING * * *
You feel sick.
* * * LOW HITPOINT WARNING * * *
You feel sick.
* * * LOW HITPOINT WARNING * * *
You feel sick.
* * * LOW HITPOINT WARNING * * *
You feel sick.
You die...

#..# ###.###.####.#
#..# #. #..###.#
#<.######.###...##.##
#... .........>.....#
#...........#.#
#..........##.#
###.........###.#
...........## #.#
#....♣.)#####.#
................##
###.......######.#
###....## #(# #..#.#
#.# #..##. #..# ....
. #.#)# ##... .#
.g##.# .. ##. ..#


There were no monsters in sight!

Vanquished Creatures
  3 gnolls
  A worm (D:2)
  4 bats
  8 endoplasms (D:1)
  3 hobgoblins (D:1)
  2 kobolds (D:1)
  2 quokkas (D:1)
  9 ball pythons
  2 frilled lizards (D:2)
  3 goblins
  7 rats
44 creatures vanquished.

Vanquished Creatures (others)
  33 foxfires (D:1)
  6 withered plants (D:1)
39 creatures vanquished.

Grand Total: 83 creatures vanquished

Notes
Turn   | Place    | Note
-------+----------+-------------------------------------------
     0 | D:1      | Zeld the Deep Elf Fire Elementalist began the quest for the
                  | Orb.
     0 | D:1      | Reached XP level 1. HP: 10/10 MP: 6/6
   516 | D:1      | Reached XP level 2. HP: 15/15 MP: 4/8
   606 | D:1      | Learned a level 2 spell: Scorch
  1368 | D:1      | Reached XP level 3. HP: 19/19 MP: 7/10
  1372 | D:1      | Learned a level 3 spell: Inner Flame
  1522 | D:1      | Found a faded altar of an unknown god.
  1738 | D:1      | Learned a level 3 spell: Mephitic Cloud
  2320 | D:1      | Reached skill level 1 in Hexes
  2320 | D:1      | Reached XP level 4. HP: 5/24 MP: 0/12
  2559 | D:2      | HP: 1/36 [poisoned by a gnoll]
  2561 | D:2      | Succumbed to a gnoll's poison

Illustrated notes

Levels and vault maps discovered:
D:1:      heliophobic_arrival_glass_houses, layout_basic,
          ebering_ecumenical_altar_petrified, minmay_pentomino_s2
D:2:      layout_loops_ring, minmay_box_of_dots

Skill      XL: |  1  2  3 |
---------------+----------+-----
Spellcasting   | 4 |  4.4
Conjurations   | 2 |  2.2
Fire Magic     | 4 |  4.2
Hexes          | 1 |  1.1
Dodging        | |  2.4
Stealth        | |  2.4

Action                   |  1- 3 |  4- 6 || total
-------------------------+-------+-------++-------
Melee: Unarmed           |    28 |       ||    28
 Cast: Foxfire           |    26 |       ||    26
       Scorch            |    38 |     2 ||    40
  Use: Potion            |       |     1 ||     1
 Stab: Sleeping          |     1 |       ||     1
Armor: Robe              |    32 |       ||    32
Dodge: Dodged            |    47 |       ||    47
